 Dungeon Crawl Stone Soup version 0.25.1-2-g60ff931df9 (webtiles) character file.

Game seed: 270432192203365669

137 gruber the Poker (level 5, 45/45 HPs)
             Began as a Minotaur Fighter on Dec 5, 2020.
             Quit the game on level 3 of the Dungeon on Dec 6, 2020.
             The game lasted 00:02:10 (1864 turns).

gruber the Poker (Minotaur Fighter)                 Turns: 1864, Time: 00:02:10

Health: 45/45      AC:  8    Str: 22    XL:     5   Next: 0%
Magic:  4/4        EV:  7    Int:  5    God:
Gold:   74         SH:  9    Dex:  9    Spells: 4/4 levels left

rFire    . . .     SeeInvis .   a - +0 trident
rCold    . . .     Gourm    .   c - +0 kite shield
rNeg     . . .     Faith    .   b - +0 scale mail
rPois    +         Spirit   .   (helmet restricted)
rElec    .         Reflect  .   (no cloak)
rCorr    .         Harm     .   l - +0 pair of gloves
MR       .....                  (no boots)
Stlth    ..........             (no amulet)
HPRegen  0.15/turn              j - ring of poison resistance
MPRegen  0.09/turn              (no ring)

@: no status effects
A: retaliatory headbutt, horns 2
a: no special abilities


You were on level 3 of the Dungeon.
You were not hungry.

You visited 1 branch of the dungeon, and saw 3 of its levels.

You collected 74 gold pieces.

Inventory:

Hand Weapons
 a - a +0 trident (weapon)
Armour
 b - a +0 scale mail (worn)
 c - a +0 kite shield (worn)
 l - a +0 pair of gloves (worn)
Jewellery
 j - a ring of poison resistance (left hand)
Wands
 n - a wand of clouds (4)
Scrolls
 e - a scroll of teleportation {unknown}
 g - a scroll of identify {unknown}
 i - 2 scrolls of enchant armour {unknown}
 k - a scroll of noise {unknown}
 o - a scroll of remove curse {unknown}
 q - a scroll of enchant weapon {unknown}
 r - a scroll of fear {unknown}
Potions
 d - a potion of might
 h - a potion of lignification {unknown}
 m - a potion of invisibility {unknown}
Comestibles
 f - 5 rations
 p - a chunk of flesh


   Skills:
 - Level 3.6 Fighting
 - Level 6.3 Polearms
 * Level 3.6 Armour
 - Level 3.6 Shields


You had 4 spell levels left.
You didn't know any spells.
Your spell library was empty.

Dungeon Overview and Level Annotations

Branches:
Dungeon (3/15)

Altars:
Cheibriados
Qazlal
Trog


Innate Abilities, Weirdness & Mutations

You reflexively headbutt those who attack you in melee.
You have a pair of horns on your head.


Message History

You puncture the kobold!
You kill the kobold!
You have reached level 5!
There is a bloodstained altar of Trog here.
You see here a stone.
Some of the chunks of flesh in your inventory have rotted away.
You see here a leather armour.
You open the door.
Found 28 arrows and a buckler.
There is an open door here.
f - 5 rations (gained 1) As you open the door, it creaks loudly!
There is an open door here.
Found 27 stones.
An adder comes into view.
The adder hisses angrily.
An adder is nearby!
An adder is nearby!
An adder is nearby!
Are you sure you want to abandon this character and quit the game? (Confirm with "yes".)

##...## ##'## .#
#.# .# # #.# S#
#.##.## .# #.#...##
.# #......# .#
#.#...## #######.#
#.##.## #.....@.#
#.##.######.#######
............#
####.######## #.#
#.# #.# #(# #.#


You could see an adder.

Vanquished Creatures
  An orc priest (D:3)
  An orc wizard (D:2)
  An adder (D:2)
  An ooze (D:2)
  A worm (D:2)
  A dart slug (D:1)
  3 leopard geckos
  5 orcs
  4 giant cockroaches
  6 goblins
  9 hobgoblins
  4 jackals (D:1)
  5 kobolds
  2 bats
  3 frilled lizards
  5 rats
52 creatures vanquished.

Notes
Turn   | Place    | Note
-------+----------+-------------------------------------------
     0 | D:1      | gruber the Minotaur Fighter began the quest for the Orb.
     0 | D:1      | Reached XP level 1. HP: 19/19 MP: 0/0
    31 | D:1      | Reached skill level 3 in Polearms
    49 | D:1      | Reached XP level 2. HP: 26/26 MP: 1/1
   112 | D:1      | Reached skill level 4 in Polearms
   170 | D:1      | Reached XP level 3. HP: 26/31 MP: 2/2
   687 | D:2      | Found a snail-covered altar of Cheibriados.
   815 | D:2      | Reached skill level 5 in Polearms
   815 | D:2      | Reached XP level 4. HP: 19/39 MP: 3/3
  1586 | D:3      | Reached skill level 6 in Polearms
  1759 | D:3      | Found a stormy altar of Qazlal.
  1803 | D:3      | Found a bloodstained altar of Trog.
  1807 | D:3      | Reached XP level 5. HP: 45/45 MP: 4/4
  1864 | D:3      | Quit the game

Illustrated notes

Levels and vault maps discovered:
D:1:      wander_arrival_abandoned_jail, layout_rooms
D:2:      layout_basic, cheibriados_altar_1
D:3:      layout_loops_corners, marbit_many_paths, lemuel_round_altar,
          nicolae_qazlal_eye_of_the_storm

Skill      XL: |  1  2  3  4 |
---------------+-------------+-----
Polearms       | 3 4 5 6 |  6.3
Fighting       | |  3.6
Armour         | |  3.6
Shields        | |  3.6

Action                   |  1- 3 |  4- 6 || total
-------------------------+-------+-------++-------
Melee: Trident           |    77 |    46 ||   123
       Headbutt          |    10 |     6 ||    16
  Eat: Chunk             |       |     3 ||     3
Armor: Scale mail        |    36 |     5 ||    41
Dodge: Dodged            |    21 |     9 ||    30
Block: Kite shield       |    24 |    15 ||    39
